 Dungeon Crawl Stone Soup version 0.28.0-45-g0d030f2227 (webtiles) character file.

Game seed: 170929192832545945

389 MisterFreud the Covert (level 4, -10/41 HPs)
             Began as a Gnoll Delver on May 19, 2022.
             Was a Believer of Ru.
             Blown up by Ijyb (16 damage)
             ... with a mindburst bolt
             ... on level 5 of the Dungeon.
             The game lasted 00:04:05 (2808 turns).

MisterFreud the Covert (Gnoll Delver)               Turns: 2808, Time: 00:04:06

Health: -10/41     AC:  9    Str: 12    XL:     4   Next: 79%
Magic:  7/7        EV: 13    Int: 11    God:    Ru [**....]
Gold:   120        SH:  0    Dex: 13    Spells: 7/7 levels left

rFire   . . .      SeeInvis .   a - +0 short sword
rCold   . . .      Faith    .   (no shield)
rNeg    . . .      Spirit   .   b - +0 leather armour
rPois   .          Reflect  .   (no helmet)
rElec   .          Harm     .   k - +0 cloak
rCorr   .          Rampage  .   (no gloves)
Will    .....                   B - +0 pair of boots
Stlth   ++++......              (no amulet)
HPRegen 0.13/turn               l - +4 ring of protection
MPRegen 0.10/turn               (no ring)

@: no status effects
A: fangs 1, inexperienced 1, strong nose, distributed training
a: Renounce Religion


You were on level 5 of the Dungeon.
You worshipped Ru.
Ru was pleased with you.
You visited 2 branches of the dungeon, and saw 7 of its levels.

You collected 186 gold pieces.
You spent 66 gold pieces at shops.

Inventory:

Hand Weapons
 a - a +0 short sword (weapon)
 j - a +0 rapier of holy wrath
 o - a +2 falchion of flaming
Missiles
 u - a throwing net (quivered)
Armour
 b - a +0 leather armour (worn)
 k - a +0 cloak (worn)
 B - a +0 pair of boots (worn)
Jewellery
 l - a +4 ring of protection (left hand)
 p - a +6 ring of dexterity
 q - an amulet of regeneration
Wands
 g - a wand of digging (3)
Scrolls
 c - 2 scrolls of fog
 d - 2 scrolls of magic mapping
 e - a scroll of fear
 h - 2 scrolls of teleportation {unknown}
 i - 3 scrolls of vulnerability
 m - a scroll of silence {unknown}
 s - a scroll of immolation
 v - a scroll of torment {unknown}
 y - a scroll of amnesia {unknown}
 C - a scroll of blinking {unknown}
Potions
 f - 3 potions of haste
 n - 3 potions of heal wounds
 r - 2 potions of attraction
 t - 2 potions of flight
 w - 2 potions of curing
 x - a potion of brilliance {unknown}
 z - a potion of berserk rage {unknown}
 A - 3 potions of lignification


   Skills:
 + Level 6.9 Fighting
 + Level 5.0 Short Blades
 + Level 2.1 Long Blades
 + Level 2.1 Axes
 + Level 2.1 Maces & Flails
 + Level 2.1 Polearms
 + Level 2.1 Staves
 + Level 2.1 Slings
 + Level 2.1 Bows
 + Level 2.1 Crossbows
 + Level 2.1 Throwing
 + Level 2.1 Armour
 + Level 5.0 Dodging
 + Level 9.8 Stealth
 + Level 2.1 Shields
 + Level 2.1 Unarmed Combat
 + Level 2.1 Spellcasting
 + Level 1.6 Conjurations
 + Level 1.6 Hexes
 + Level 1.6 Summonings
 + Level 1.6 Necromancy
 + Level 1.6 Translocations
 + Level 1.6 Transmutations
 + Level 1.6 Fire Magic
 + Level 1.6 Ice Magic
 + Level 1.6 Air Magic
 + Level 1.6 Earth Magic
 + Level 1.6 Poison Magic
 + Level 2.3 Invocations
 + Level 2.1 Evocations


You had 7 spell levels left.
You didn't know any spells.
Your spell library contained the following spells:

 Spells                   Type           Power      Damage    Failure   Level
 Sandblast                Erth           8%         2d5       19%         1
 Passwall                 Tmut/Erth      3%         N/A       28%         2
 Stone Arrow              Conj/Erth      8%         3d7       50%         3
 Summon Guardian Golem    Hex/Summ       4%         N/A       50%         3
 Orb of Destruction       Conj           2%         9d5       100%        7
 Spellforged Servitor     Conj/Summ      2%         N/A       100%        7


Dungeon Overview and Level Annotations

Branches:
Dungeon (6/15)             Temple (1/1) D:4

Altars:
Dithmenos
Elyvilon
Ru
Sif Muna
Zin

Shops:
D:2 *

Annotations:
D:5 Ijyb


Innate Abilities, Weirdness & Mutations

You have very sharp teeth.
You are somewhat inexperienced. (-2 XL)
Your uncanny sense of smell can sniff out nearby items.
Your experience applies equally to all skills.


Message History

The orc is severely wounded.
The orc hits you but does no damage.
You barely miss the orc.
The orc is severely wounded.
The orc hits you but does no damage.
You hit the orc.
You kill the orc!
You closely miss the orc.
The orc is moderately wounded.
The orc hits you but does no damage.
You hit the orc. You bite the orc, but do no damage.
The orc is heavily wounded.
You hit the orc.
You kill the orc!
Ijyb screams, "I no like you!"
You closely miss Ijyb. Ijyb misses you.
You hit Ijyb but do no damage. Your bite misses Ijyb.
Ijyb zaps a wand.
Your mind is blasted!
You hit Ijyb. You bite Ijyb.
Ijyb is lightly wounded.
Ijyb hits you but does no damage.
You miss Ijyb.
Ijyb is lightly wounded.
You closely miss Ijyb.
Ijyb is lightly wounded.
Ijyb hits you but does no damage.
You hit Ijyb.
Ijyb is moderately wounded.
Ijyb hits you but does no damage.
You hit Ijyb.
Ijyb is moderately wounded.
Ijyb hits you but does no damage.
You barely miss Ijyb.
Ijyb is moderately wounded.
Ijyb zaps a wand.
Your mind is blasted!
* * * LOW HITPOINT WARNING * * *
You hit Ijyb.
Ijyb is heavily wounded.
Ijyb zaps a wand.
Your mind is blasted!
You die...

....................#
......#......######...
#######.####.# ..
#..#....# ##
#.#.....## ..#
##........# ...#
#.........# .....
###.......####......
##........@g......
#.......####.....#
#.......# #####
#.>.....# ##.....##
##...## #####


You could see Ijyb.

Vanquished Creatures
  An ogre (D:4)
  A phantom (D:4)
  A jelly (D:5)
  An orc priest (D:5)
  An iguana (D:4)
  2 hound skeletons (D:4)
  A howler monkey skeleton (D:3)
  4 adders
  An ufetubus (D:4)
  5 dart slugs
  2 orcs (D:5)
  8 ball pythons
  A bat (D:1)
  6 endoplasms
  2 giant cockroaches
  6 hobgoblins
  2 quokkas
  2 frilled lizards (D:3)
  7 goblins
  6 kobolds
  3 rats
63 creatures vanquished.

Notes
Turn   | Place    | Note
-------+----------+-------------------------------------------
     0 | D:5      | Reached skill level 9 in Stealth
     0 | D:5      | MisterFreud the Gnoll Delver began the quest for the Orb.
     0 | D:5      | Reached XP level 1. HP: 23/23 MP: 1/1
    17 | D:4      | Found a staircase to the Ecumenical Temple.
    27 | Temple   | Entered the Ecumenical Temple
    37 | Temple   | Became a worshipper of Ru the Awakened
   104 | D:4      | Found a shadowy altar of Dithmenos.
   113 | D:4      | Reached XP level 2. HP: 23/29 MP: 2/2
   267 | D:2      | Reached XP level 3. HP: 34/35 MP: 3/3
   647 | D:1      | Found a faded altar of an unknown god.
   669 | D:1      | Reached skill level 1 in Invocations
   902 | D:1      | Gained mutation: You are somewhat inexperienced. (-2 XL)
                  | [Ru sacrifice]
   902 | D:1      | Reached XP level 2. HP: 29/29 MP: 3/3
   902 | D:1      | Reached XP level 1. HP: 23/23 MP: 2/2
   902 | D:1      | Reached * piety under Ru
   902 | D:1      | Reached ** piety under Ru
   969 | D:2      | Reached skill level 1 in Long Blades
   969 | D:2      | Reached skill level 1 in Axes
   969 | D:2      | Reached skill level 1 in Maces & Flails
   969 | D:2      | Reached skill level 1 in Polearms
   969 | D:2      | Reached skill level 1 in Staves
   969 | D:2      | Reached skill level 1 in Slings
   969 | D:2      | Reached skill level 1 in Bows
   969 | D:2      | Reached skill level 1 in Crossbows
   969 | D:2      | Reached skill level 1 in Throwing
   969 | D:2      | Reached skill level 1 in Armour
   969 | D:2      | Reached skill level 1 in Shields
   969 | D:2      | Reached skill level 1 in Unarmed Combat
   969 | D:2      | Reached skill level 1 in Spellcasting
   969 | D:2      | Reached skill level 1 in Evocations
   969 | D:2      | Reached XP level 2. HP: 28/29 MP: 3/3
  1233 | D:2      | Found Ezuipnoc's Assorted Antiques.
  1240 | D:2      | Bought a scroll labelled BOBATH UXKIESY for 22 gold pieces
  1240 | D:2      | Bought a scroll labelled RULONAITITU for 22 gold pieces
  1240 | D:2      | Bought a scroll labelled REIGIV ZIGIN for 22 gold pieces
  1838 | D:3      | Reached skill level 1 in Conjurations
  1838 | D:3      | Reached skill level 1 in Hexes
  1838 | D:3      | Reached skill level 1 in Summonings
  1838 | D:3      | Reached skill level 1 in Necromancy
  1838 | D:3      | Reached skill level 1 in Translocations
  1838 | D:3      | Reached skill level 1 in Transmutations
  1838 | D:3      | Reached skill level 1 in Fire Magic
  1838 | D:3      | Reached skill level 1 in Ice Magic
  1838 | D:3      | Reached skill level 1 in Air Magic
  1838 | D:3      | Reached skill level 1 in Earth Magic
  1838 | D:3      | Reached skill level 1 in Poison Magic
  1877 | D:3      | Reached XP level 3. HP: 28/35 MP: 4/4
  2229 | D:4      | Noticed an ogre
  2235 | D:4      | Killed an ogre
  2236 | D:4      | Reached XP level 4. HP: 41/41 MP: 6/6
  2431 | D:4      | Reached skill level 5 in Short Blades
  2431 | D:4      | Reached skill level 5 in Dodging
  2782 | D:5      | Noticed Ijyb
  2808 | D:5      | Blown up by Ijyb

Illustrated notes

Levels and vault maps discovered:
D:1:      scummos_arrival_forest, layout_basic,
          hellmonk_ecumenical_altar_arch_garden, corner_web_ring
D:2:      layout_basic, serial_shops, nicolae_shop_window_shopping
D:3:      layout_basic, item_on_display_a
D:4:      layout_basic, nicolae_overflow_crystal_walls,
          minmay_temple_entry_crystal_x
D:5:      layout_rooms, uniq_eustachio, uniq_ijyb
D:6:      layout_loops_ring, lemuel_round_altar, mainiacjoe_overflow_boulevard,
          serial_shops, shop, minmay_diced_spiral, uniq_edmund
Temple:   eino_wide_crystal_templ

Skill      XL: |  1  2  3  4 |
---------------+-------------+-----
Stealth        | |  9.8
Invocations    | 2 |  2.3
Long Blades    | 1 2 |  2.1
Axes           | 1 2 |  2.1
Maces & Flails | 1 2 |  2.1
Polearms       | 1 2 |  2.1
Staves         | 1 2 |  2.1
Slings         | 1 2 |  2.1
Bows           | 1 2 |  2.1
Crossbows      | 1 2 |  2.1
Throwing       | 1 2 |  2.1
Armour         | 1 2 |  2.1
Shields        | 1 2 |  2.1
Unarmed Combat | 1 2 |  2.1
Spellcasting   | 1 2 |  2.1
Evocations     | 1 2 |  2.1
Conjurations   | 1 |  1.6
Hexes          | 1 |  1.6
Summonings     | 1 |  1.6
Necromancy     | 1 |  1.6
Translocations | 1 |  1.6
Transmutations | 1 |  1.6
Fire Magic     | 1 |  1.6
Ice Magic      | 1 |  1.6
Air Magic      | 1 |  1.6
Earth Magic    | 1 |  1.6
Poison Magic   | 1 |  1.6
Short Blades   | 5 |  5.0
Dodging        | 5 |  5.0
Fighting       | |  6.9

Action                   |  1- 3 |  4- 6 || total
-------------------------+-------+-------++-------
Melee: Short sword       |   102 |    86 ||   188
       Bite              |     9 |     8 ||    17
       Punch             |     1 |     2 ||     3
Invok: Sacrifice Experie |     1 |       ||     1
  Use: Scroll            |     6 |     1 ||     7
 Stab: Sleeping          |    25 |     5 ||    30
Armor: Leather armour    |    21 |    29 ||    50
Dodge: Dodged            |    42 |    26 ||    68
